 Dungeon Crawl Stone Soup version 0.25-a0-403-g49d089a364 (webtiles) character file.

Game seed: 12506765002182573189, levelgen mode: deterministic

11914 Roikka the Basher (level 11, -1/115 HPs)
             Began as a Troll Berserker on Jan 9, 2020.
             Was a High Priest of Trog.
             Slain by a Hell Sentinel (11 damage)
             ... on level 2 of the Abyss.
             The game lasted 00:28:43 (8458 turns).

Roikka the Basher (Troll Berserker)                 Turns: 8458, Time: 00:28:44

Health: -1/115     AC: 12    Str: 28    XL:     11   Next: 55%
Magic:  10/10      EV: 10    Int:  4    God:    Trog [*****.]
Gold:   751        SH:  0    Dex: 10    Spells: 10/10 levels left

rFire    + + +     SeeInvis .   a - +7 great mace "Firestarter" {inner flame, rF++}
rCold    . . .     Gourm    +   (shield currently unavailable)
rNeg     . . .     Faith    .   H - +1 troll leather armour
rPois    .         Spirit   .   (helmet restricted)
rElec    .         Reflect  .   F - +2 cloak
rCorr    .         Harm     .   (gloves unavailable)
MR       +....                  (boots unavailable)
Stlth    +.........             (no amulet)
HPRegen  1.09/turn              f - ring of protection from magic
MPRegen  0.12/turn              z - ring of protection from fire

@: no status effects
A: large, unfitting armour, claws 3, fast metabolism 3, gourmand, regeneration
1, shaggy fur 1, tough skin 3
a: Berserk, Trog's Hand, Brothers in Arms, Renounce Religion


You were on level 2 of the Abyss.
You worshipped Trog.
Trog was extremely pleased with you.
You were very full.

You visited 2 branches of the dungeon, and saw 14 of its levels.
You visited the Abyss 1 time.

You collected 751 gold pieces.

Inventory:

Hand Weapons
 a - the +7 great mace "Firestarter" (weapon) {inner flame, rF++}
   (You found it on level 5 of the Dungeon)

   It has been specially enchanted to burn those struck by it, causing extra
   injury to most foes and up to half again as much damage against particularly
   susceptible opponents.
   It greatly protects you from fire.
 B - a +8 antimagic quick blade
Missiles
 x - 14 boomerangs (quivered)
Armour
 F - a +2 cloak (worn)
 H - a +1 troll leather armour (worn)
Jewellery
 f - a ring of protection from magic (left claw)
 g - an uncursed ring of stealth
 z - a ring of protection from fire (right claw)
 A - an uncursed ring of ice
 G - an uncursed ring of resist corrosion
Wands
 u - a wand of clouds (9)
 y - a wand of paralysis (11)
 C - a wand of scattershot (6)
Scrolls
 c - 5 scrolls of remove curse
 d - 2 scrolls of teleportation
 e - 2 scrolls of identify
 j - 3 scrolls of amnesia
 t - 2 scrolls of enchant armour
 v - a scroll of enchant weapon
 E - a scroll of fear
Potions
 h - 2 potions of heal wounds {unknown}
 i - 2 potions of mutation
 k - a potion of flight {unknown}
 l - 4 potions of haste
 n - 5 potions of curing
 o - a potion of invisibility {unknown}
 p - a potion of ambrosia {unknown}
 q - a potion of brilliance {unknown}
 r - a potion of lignification {unknown}
 s - a potion of cancellation {unknown}
 w - a potion of might {unknown}
 D - 3 potions of agility
Comestibles
 b - 27 rations


   Skills:
 + Level 9.4 Fighting
 * Level 12.0 Maces & Flails
 - Level 3.0 Dodging
 - Level 7.7 Unarmed Combat


You had 10 spell levels left.
You didn't know any spells.
Your spell library was empty.

Dungeon Overview and Level Annotations

Branches:
Dungeon (14/15)            Temple (1/1) D:4
   Lair: D:8-11         Orc: D:9-12      Vaults: D:13-14

Altars:
Ashenzari
Dithmenos
Fedhas
Kikubaaqudgha
Makhleb
Okawaru
Qazlal
Sif Muna
Uskayaw
Xom
Zin
The Shining One

Annotations:
D:13 Louise


Innate Abilities, Weirdness & Mutations

You are too large for most types of armour.
You have claws for hands.
Your metabolism is lightning-fast.
You like to eat raw meat.
Your natural rate of healing is unusually fast.
You are covered in fur. (AC +1)
You have extremely tough skin. (AC +3)


Message History

The Hell Sentinel completely resists.
You hear a screech!
You hit the Hell Sentinel but do no damage.
The Hell Sentinel is lightly wounded.
The Hell Sentinel hits you. The Hell Sentinel hits you!!
A smoke demon comes into view.
You sock the Hell Sentinel!
Flame seeps out of the Hell Sentinel.
The Hell Sentinel is lightly wounded.
The Hell Sentinel closely misses you. The Hell Sentinel barely misses you.
Unknown command.
You hit the Hell Sentinel but do no damage.
The Hell Sentinel is lightly wounded.
The Hell Sentinel hits you! The Hell Sentinel hits you.
The smoke demon gestures at you. Something smites you!
* * * LOW HITPOINT WARNING * * *
The Hell Sentinel hits you!
* * * LOW HITPOINT WARNING * * *
The Hell Sentinel hits you!
You die...

# ##.# ..
...
......#
#.#.#.##
.#.....##
.##.#...##
# #####
#.###.# .
##.#...#
.#
#.##@.#..#
## ## #1##
..# 3## .#
.. .. ...
.# ..## #
.## ..


You could see a Hell Sentinel (inner flame) and a smoke demon.

Vanquished Creatures
  A hydra (D:11)
  The ghost of dricus the Carver, a novice KoBe of Trog (D:7)
  A wretched star (Abyss:2)
  A skeletal warrior (D:7)
  An unseen horror (D:10)
  A cyclops (D:11)
  A large abomination (Abyss:2)
  The ghost of Napalmbreeze the Cudgeler, a novice GrFi of Okawaru (D:6)
  A manticore (D:14)
  A gargoyle (D:14)
  A troll (D:10)
  A hornet (D:9)
  Grinder (D:5)
  A centaur simulacrum (D:14)
  4 hippogriffs
  Sigmund (D:5)
  A human (D:7)
  4 hogs (D:7)
  2 golden eyes (Abyss:2)
  Menkaure (D:4)
  4 ice beasts
  A phantom (D:11)
  3 orc warriors
  A necrophage (D:5)
  5 ogres
  4 centaurs
  A big kobold (D:7)
  5 bullfrogs
  A gnoll sergeant (D:9)
  A wyvern zombie (D:8)
  2 small abominations (Abyss:2)
  A wyvern skeleton (D:11)
  2 scorpions
  12 killer bees
  3 wights (D:11)
  5 howler monkeys
  6 crimson imps
  4 hounds
  A quasit (D:11)
  2 bullfrog zombies
  3 orc priests
  A bullfrog skeleton (D:8)
  3 centaur skeletons
  5 orc wizards
  An iguana (D:6)
  10 worker ants
  A hound skeleton (D:10)
  A howler monkey zombie (D:3)
  3 worker ant zombies
  6 gnolls
  A howler monkey skeleton (D:3)
  3 adders
  4 shadow imps
  An ufetubus (Abyss:2)
  2 oozes
  5 adder skeletons
  2 adder zombies (D:5)
  6 worms
  4 dart slugs
  6 leopard geckos
  43 orcs
  2 ball pythons
  10 bats
  6 giant cockroaches
  13 goblins
  10 hobgoblins
  12 jackals
  17 kobolds
  5 quokkas
  3 frilled lizards
  A leopard gecko skeleton (D:3)
  A leopard gecko zombie (D:3)
  2 quokka skeletons (D:3)
  A quokka zombie (D:3)
  14 rats
299 creatures vanquished.

Vanquished Creatures (others)
  An ice dragon simulacrum (Abyss:2)
1 creature vanquished.

Grand Total: 300 creatures vanquished

Notes
Turn   | Place    | Note
-------+----------+-------------------------------------------
     0 | D:1      | Roikka the Troll Berserker began the quest for the Orb.
     0 | D:1      | Reached XP level 1. HP: 22/22 MP: 0/0
   131 | D:1      | Reached XP level 2. HP: 29/29 MP: 1/1
   556 | D:1      | Reached ** piety under Trog
   562 | D:1      | Reached XP level 3. HP: 35/36 MP: 2/2
   987 | D:2      | You fall into a shaft and drop 2 floors!
  1010 | D:4      | Noticed Menkaure
  1012 | D:4      | Reached XP level 4. HP: 36/45 MP: 3/3
  1018 | D:4      | Killed Menkaure
  1018 | D:4      | Reached skill level 5 in Unarmed Combat
  1018 | D:4      | Reached XP level 5. HP: 53/53 MP: 4/4
  1116 | D:3      | Found a glowing golden altar of the Shining One.
  1152 | D:2      | Reached XP level 6. HP: 62/62 MP: 5/5
  1268 | D:2      | Found a burning altar of Makhleb.
  1668 | D:2      | Reached *** piety under Trog
  2031 | D:3      | Found a shimmering altar of Xom.
  2377 | D:3      | Reached XP level 7. HP: 67/70 MP: 6/6
  2455 | D:4      | Found a staircase to the Ecumenical Temple.
  2475 | Temple   | Entered the Ecumenical Temple
  2499 | D:4      | Found a shadowy altar of Dithmenos.
  2710 | D:5      | Entered Level 5 of the Dungeon
  2836 | D:5      | Noticed Sigmund
  2837 | D:5      | Found the +7 great mace "Firestarter" {inner flame, rF++}
  2951 | D:5      | Killed Sigmund
  3024 | D:5      | Reached skill level 1 in Maces & Flails
  3027 | D:5      | Reached **** piety under Trog
  3077 | D:5      | Noticed Grinder
  3093 | D:5      | Killed Grinder
  3093 | D:5      | Reached skill level 5 in Fighting
  3093 | D:5      | Reached skill level 2 in Maces & Flails
  3093 | D:5      | Reached XP level 8. HP: 52/80 MP: 7/7
  3121 | D:5      | Reached skill level 3 in Maces & Flails
  3587 | D:6      | Reached skill level 4 in Maces & Flails
  3612 | D:6      | Found a runed translucent door.
  3613 | D:6      | Noticed Napalmbreeze's ghost (novice GrFi)
  3621 | D:6      | Killed Napalmbreeze's ghost
  3621 | D:6      | Reached skill level 5 in Maces & Flails
  3845 | D:6      | Reached XP level 9. HP: 75/89 MP: 8/8
  4045 | D:6      | Reached skill level 6 in Maces & Flails
  4322 | D:7      | Found a blossoming altar of Fedhas.
  4323 | D:7      | Reached ***** piety under Trog
  4323 | D:7      | Received a gift from Trog
  4517 | D:7      | Reached skill level 7 in Maces & Flails
  4638 | D:7      | Found a shimmering blue altar of Sif Muna.
  4642 | D:7      | Found a runed translucent gate.
  4644 | D:7      | Found a runed translucent gate.
  4644 | D:7      | Noticed a skeletal warrior
  4646 | D:7      | Found a runed translucent gate.
  4647 | D:7      | Noticed dricus's ghost (novice KoBe)
  4663 | D:7      | Killed a skeletal warrior
  4663 | D:7      | Reached skill level 8 in Maces & Flails
  4677 | D:7      | Killed dricus's ghost
  4677 | D:7      | Reached XP level 10. HP: 49/102 MP: 9/9
  5048 | D:7      | Reached skill level 9 in Maces & Flails
  5411 | D:8      | Found a hide-covered altar of Uskayaw.
  5431 | D:8      | Found a stormy altar of Qazlal.
  5437 | D:8      | Found an ancient bone altar of Kikubaaqudgha.
  5437 | D:8      | Found a glowing silver altar of Zin.
  5440 | D:8      | Found a shattered altar of Ashenzari.
  6287 | D:8      | Found an iron altar of Okawaru.
  6443 | D:8      | Received a gift from Trog
  6443 | D:8      | Reached skill level 10 in Maces & Flails
  6663 | D:10     | Entered Level 10 of the Dungeon
  7235 | D:10     | Killed an unseen horror
  7349 | D:10     | Reached XP level 11. HP: 109/113 MP: 10/10
  7893 | D:11     | Reached skill level 11 in Maces & Flails
  7938 | D:11     | Noticed a five-headed hydra
  7948 | D:11     | Killed a five-headed hydra
  8072 | D:11     | You fall into a shaft and drop 3 floors!
  8295 | D:14     | Noticed Louise
  8295 | D:14     | Noticed a red ugly thing
  8295 | D:14     | Noticed a red ugly thing
  8295 | D:14     | Noticed a red ugly thing
  8295 | D:14     | Noticed a red ugly thing
  8295 | D:14     | Noticed a red ugly thing
  8302 | D:13     | Cast into level 2 of the Abyss (Louise)
  8318 | Abyss:2  | Found an opulent altar of Gozag.
  8349 | Abyss:2  | Noticed a wretched star
  8359 | Abyss:2  | Killed a wretched star
  8386 | Abyss:2  | Noticed a thrashing horror
  8442 | Abyss:2  | Reached skill level 12 in Maces & Flails
  8451 | Abyss:2  | Noticed a Hell Sentinel
  8458 | Abyss:2  | Slain by a Hell Sentinel

Levels and vault maps discovered:
D:1:      ncdulo_smallfort, layout_basic, nrook_mini_vaults
D:2:      minmay_door_path, layout_rooms, nicolae_overflow_crystal_walls,
          nrook_mini_backslash
D:3:      layout_loops_ring, tso_metal_star, serial_undead, serial_undead_c,
          serial_undead_e, serial_undead_e, serial_undead_b, serial_undead_a,
          serial_undead_f, serial_undead_b, led_xom_imps
D:4:      layout_rooms, kennysheep_mini, minmay_temple_entry_butterflies,
          minmay_misc_feat_five, uniq_menkaure
D:5:      layout_basic, serial_corexii_hall, corexii_hall_statues_s,
          corexii_hall_statues_x, corexii_hall_statues_t,
          corexii_hall_statues_x, first_ration, moated_statue, uniq_sigmund,
          uniq_grinder
D:6:      layout_cave_pods, ebering_ghost_reflecting_pool
D:7:      layout_basic, fedhas_altar_1, old_standard_altar,
          gammafunk_ghost_split, grunt_livestock
D:8:      kennysheep_six_static_rooms, layout_rooms,
          kennysheep_okawaru_gauntlet, minitemple, minmay_chambers_of_fives
D:9:      layout_roguey
D:10:     layout_basic
D:11:     layout_basic, lair_entry_dummy
D:13:     layout_irregular_city, ximxim_vaults_locker_room, basic_altar,
          uniq_erolcha, uniq_maurice
D:14:     layout_rooms, minmay_holes, uniq_louise
Temple:   cyrus_temple_forest
Abyss:2:  base: D:12, evilmike_abyss_exit_mutagenic, minivault_13,
          lemuel_flamethrower_2, evilmike_abyss_exit_8

Skill      XL: |  1  2  3  4  5  6  7  8  9 10 11 |
---------------+----------------------------------+-----
Unarmed Combat | 4 5 6 7 |  7.7
Fighting       | 3 4 5 6 7 8 9 |  9.4
Maces & Flails | 2 5 8 10 12 | 12.0
Dodging        | 3 |  3.0

Action                   |  1- 3 |  4- 6 |  7- 9 | 10-12 || total
-------------------------+-------+-------+-------+-------++-------
Melee: Unarmed           |    75 |   153 |    29 |       ||   257
       Punch             |       |     4 |     2 |       ||     6
       Great mace        |       |       |   120 |   216 ||   336
Throw: Boomerang         |       |       |     7 |    56 ||    63
Invok: Berserk           |       |     1 |     1 |       ||     2
  Use: Scroll            |       |       |    11 |    11 ||    22
 Stab: Sleeping          |       |       |     4 |       ||     4
  Eat: Chunk             |    15 |    13 |    21 |    35 ||    84
Armor: Animal skin       |    24 |    39 |    58 |    82 ||   203
       Troll leather arm |       |       |       |    19 ||    19
Dodge: Dodged            |    39 |    70 |    98 |   146 ||   353

Table legend:
 A = Non-vault XP
 B = Vault XP
 C = Vault XP percentage of total XP
 D = Non-vault monster count
 E = Vault monster count
 F = Vault count percentage of total count
                 A         B        C        D         E       F
            +---------+---------+-------+---------+---------+-------
      Total |   12470 |    4551 |  26.7 |     260 |      39 |  13.0
            +---------+---------+-------+---------+---------+-------
        D:1 |      50 |       0 |   0.0 |      31 |       0 |   0.0
        D:2 |      80 |      11 |  12.1 |      28 |       4 |  12.5
        D:3 |     128 |     185 |  59.1 |      20 |      10 |  33.3
        D:4 |     150 |     172 |  53.4 |      10 |       1 |   9.1
        D:5 |     546 |     501 |  47.9 |      26 |       2 |   7.1
        D:6 |     730 |     520 |  41.6 |      29 |       1 |   3.3
        D:7 |     572 |    2682 |  82.4 |      21 |       8 |  27.6
        D:8 |    1182 |     480 |  28.9 |      19 |      13 |  40.6
        D:9 |    1039 |       0 |   0.0 |      30 |       0 |   0.0
       D:10 |    1964 |       0 |   0.0 |      17 |       0 |   0.0
       D:11 |    2533 |       0 |   0.0 |      14 |       0 |   0.0
       D:13 |     144 |       0 |   0.0 |       2 |       0 |   0.0
       D:14 |    1525 |       0 |   0.0 |       6 |       0 |   0.0
    Abyss:2 |    1827 |       0 |   0.0 |       7 |       0 |   0.0
            +---------+---------+-------+---------+---------+-------
